 Dungeon Crawl Stone Soup version 0.23.2-40-g277498a001 (webtiles) character file.

Game seed: 967695739206451500

137 Emblim88 the Vandal (level 5, 0/26 HPs)
             Began as a Spriggan Hunter on Oct 8, 2019.
             Killed from afar by an orc wizard (9 damage)
             ... with a puff of frost
             ... on level 2 of the Dungeon.
             The game lasted 00:07:09 (2095 turns).

Emblim88 the Vandal (Spriggan Hunter)               Turns: 2095, Time: 00:07:09

Health: 0/26       AC:  4    Str:  8    XL:     5   Next: 0%
Magic:  8/8        EV: 20    Int: 12    God:
Gold:   84         SH:  0    Dex: 20    Spells: 7/7 levels left

rFire    . . .     SeeInvis +   a - +1 hunting sling
rCold    . . .     Gourm    .   (shield restricted)
rNeg     + . .     Faith    .   r - +0 robe {rN+}
rPois    .         Spirit   .   (helmet restricted)
rElec    .         Reflect  .   (no cloak)
rCorr    .         Harm     .   (gloves unavailable)
MR       .....                  (boots unavailable)
Stlth    +++.......             (no amulet)
HPRegen  0.08/turn              e - +2 ring of dexterity
MPRegen  0.11/turn              q - +2 ring of protection

@: very quick
A: very small, unfitting armour, see invisible, herbivore, speed 3, slow
metabolism 2
a: no special abilities


You were on level 2 of the Dungeon.
You were not hungry.

You visited 1 branch of the dungeon, and saw 3 of its levels.

You collected 84 gold pieces.

Inventory:

Hand Weapons
 a - a +1 hunting sling (weapon)
 b - a +0 short sword
Missiles
 g - 44 stones (quivered)
Armour
 c - a +0 robe
 r - a +0 robe of positive energy (worn)
Jewellery
 e - a +2 ring of dexterity (left hand)
 q - a +2 ring of protection (right hand)
Scrolls
 j - a scroll of enchant weapon {unknown}
 k - 3 scrolls of identify {unknown}
 n - 2 scrolls of remove curse {unknown}
 p - a scroll of magic mapping {unknown}
Potions
 h - 2 potions of curing {unknown}
 i - a potion of haste {unknown}
 l - a potion of heal wounds {unknown}
 m - a potion of berserk rage {unknown}
 o - a potion of resistance {unknown}
Comestibles
 f - 4 rations


   Skills:
 + Level 2.1 Fighting
 * Level 5.8 Slings
 + Level 4.0 Dodging
 * Level 4.0 Stealth
 + Level 1.8 Spellcasting


You had 7 spell levels left.
You didn't know any spells.
Your spell library was empty.

Dungeon Overview and Level Annotations

Branches:
Dungeon (3/15)

Altars:
Ashenzari
Nemelex Xobeh
Okawaru
Ru
Wu Jian


Innate Abilities, Weirdness & Mutations

You are very small and have problems with some larger weapons.
You are too small for most types of armour.
You have supernaturally acute eyesight. (SInv)
You are a herbivore.
You cover ground extremely quickly.
You need to consume almost no food.


Message History

Firing (i - inventory)
g - 45 stones (quivered)
Press: ? - help, Shift-Dir - straight line, f/p - orc wizard
Aim: an orc wizard, wielding a +0 dagger and wearing a +0 robe (moderately wounded, fast)
You shoot a stone.
The stone closely misses the orc wizard.
The orc wizard hits you with a +0 dagger.
You are too injured to fight recklessly!
You are too injured to fight recklessly!
You are too injured to fight recklessly!
You are too injured to fight recklessly!
You are too injured to fight recklessly!
The orc wizard barely misses you. The orc wizard completely misses you.
You climb upwards.
There is a stone staircase leading down here.
You see here a chain mail.
The orc wizard casts a spell at you. The magic dart hits you.
The orc wizard gestures at you while chanting.
The puff of frost hits you!
You die...

#..........# ####.#####.###.#
##..#.###..# #.......##.###.###
#.##.###..# #.##..............
#.##......####.#####.>....##.#.
#......#.....#.# #..###.##.#.
######.#.......# #..# #....#.
#.###.#.### #..###.####.
##...##.#######[.......... ####
######..@..o....#.#######
...#######................#
##.........################
###########


You could see an orc wizard.

Vanquished Creatures
  3 gnolls (D:3)
  2 adders (D:2)
  An ooze (D:1)
  A worm (D:2)
  2 dart slugs
  2 leopard geckos
  8 orcs
  4 giant cockroaches
  11 goblins
  7 hobgoblins
  7 kobolds
  A ball python (D:1)
  9 bats
  3 frilled lizards
  7 rats
68 creatures vanquished.

Notes
Turn   | Place    | Note
-------+----------+-------------------------------------------
     0 | D:1      | Emblim88 the Spriggan Hunter began the quest for the Orb.
     0 | D:1      | Reached XP level 1. HP: 10/10 MP: 2/2
    64 | D:1      | Reached skill level 5 in Slings
    99 | D:1      | Reached XP level 2. HP: 15/15 MP: 3/3
   512 | D:1      | Reached XP level 3. HP: 18/18 MP: 5/5
   757 | D:1      | Reached skill level 1 in Spellcasting
   942 | D:2      | Found a shattered altar of Ashenzari.
  1149 | D:2      | Found a sacrificial altar of Ru.
  1339 | D:2      | Reached XP level 4. HP: 23/23 MP: 6/6
  1481 | D:2      | Found an ornate altar of the Wu Jian Council.
  1954 | D:3      | Found an iron altar of Okawaru.
  1957 | D:3      | Found a sparkling altar of Nemelex Xobeh.
  2078 | D:3      | Reached XP level 5. HP: 17/26 MP: 8/8
  2095 | D:2      | Killed from afar by an orc wizard

Skill      XL: |  1  2  3  4 |
---------------+-------------+-----
Slings         | 5 |  5.8
Stealth        | 2 3 4 |  4.0
Spellcasting   | 1 |  1.8
Fighting       | 2 |  2.1
Dodging        | 4 |  4.0

Action                   |  1- 3 |  4- 6 || total
-------------------------+-------+-------++-------
 Fire: Hunting sling     |   119 |   127 ||   246
Armor: Robe              |     2 |     4 ||     6
Dodge: Dodged            |    40 |    26 ||    66
